 Dungeon Crawl Stone Soup version 0.30-a0-223-gcb0039aa0c (webtiles) character file.

Game seed: 179256207020286753

91 qw the Chopper (level 4, -10/28 HPs)
             Began as a Gargoyle Fighter on Oct 9, 2022.
             Mangled by an ogre
             ... wielding a +0 giant spiked club
              (22 damage)
             ... on level 3 of the Dungeon.
             The game lasted 00:00:42 (2502 turns).

qw the Chopper (Gargoyle Fighter)                   Turns: 2502, Time: 00:00:42

Health: -10/28     AC: 10    Str: 21    XL:     4   Next: 59%
Magic:  4/4        EV:  9    Int:  9    God:
Gold:   105        SH: 10    Dex: 15    Spells: 3/3 levels left

rFire   . . .      SeeInvis .    Y - +1 war axe
rCold   . . .      Faith    .    c - +0 buckler
rNeg    + . .      Spirit   .    b - +0 scale mail
rPois   inf        Reflect  +    (no helmet)
rElec   +          Harm     .    (no cloak)
rCorr   .          Rampage  .    (no gloves)
Will    +....                    (no boots)
Stlth   ..........               m - amulet of reflection
HPRegen 0.24/turn                g - ring of willpower
MPRegen 0.09/turn                k - +6 ring of dexterity

@: no status effects
A: sickness immunity, AC +3, negative energy resistance 1, electricity
resistance, torment resistance 1, petrification resistance
a: no special abilities


You were on level 3 of the Dungeon.
You visited 1 branch of the dungeon, and saw 3 of its levels.

You collected 105 gold pieces.


Innate Abilities, Weirdness & Mutations

You are immune to sickness and miasma.
Your stone body is resilient. (AC +3)
You are immune to poison.
You resist negative energy. (rN+)
You are resistant to electric shocks. (rElec)
You are resistant to unholy torment.
You are immune to petrification.


   Skills:
 - Level 3.2 Fighting
 + Level 3.9 Axes
 - Level 3.2 Armour
 - Level 1.2 Dodging
 - Level 3.2 Shields


You had 3 spell levels left.
You didn't know any spells.
Your spell library was empty.

Inventory:

Hand Weapons
 n - a +0 flail
 Y - a +1 war axe (weapon)
Armour
 a - a +0 chain mail
 b - a +0 scale mail (worn)
 c - a +0 buckler (worn)
Jewellery
 g - a ring of willpower (left hand)
 k - a +6 ring of dexterity (right hand)
 m - an amulet of reflection (around neck)
Scrolls
 f - 3 scrolls of teleportation
 h - a scroll of identify
Potions
 d - 2 potions of might
 e - a potion of resistance {unknown}
 i - a potion of ambrosia {unknown}
 j - a potion of curing {unknown}
 l - a potion of invisibility {unknown}

Dungeon Overview and Level Annotations

Branches:
Dungeon (3/15)

Altars:
Gozag

Annotations:
D:2 1 runed translucent door, Crazy Yiuf


Message History

The adder bites you but does no damage. You block the adder's attack.
You completely miss the adder.
The adder is almost dead.
You block the adder's attack. x2
You miss the adder.
The adder is almost dead.
The adder barely misses you.
You barely miss the adder.
The adder is almost dead.
The adder bites you but does no damage. x2
You hit the adder.
You kill the adder!
There is an open door here.
e - a glowing cyan potion
Enter note:
There is a stone staircase leading up here.
You see here a +0 scale mail.
You open the door.
There is an open door here.
You open the door.
There is an open door here.
An ogre comes into view. It is wielding a +0 giant spiked club.
Found 11 gold pieces.
The ogre shouts!
Enter note: You slash the ogre!
The ogre is moderately wounded.
The ogre hits you with a +0 giant spiked club!
Ouch! That really hurt!
You hit the ogre but do no damage.
The ogre is moderately wounded.
You block the ogre's attack.
You hit the ogre.
The ogre is heavily wounded.
You block the ogre's attack.
You barely miss the ogre.
The ogre is heavily wounded.
The ogre hits you with a +0 giant spiked club!!
Ouch! That really hurt!
You die...

######## #######
#......# #.....#
#......#######.....#
..#......#.....'.....#
$.'....@...#####.....###
..#...O..#.# #.......#
#......#.# #.......#
#......#.# #.......#
....#####.# #.......#
.###. #.# ##.#...## #
#.# #.#...## #.#
#.#...## #.#...##


You could see an ogre.

Vanquished Creatures
  Natasha (D:2)
  2 adders
  2 worms (D:2)
  A dart slug (D:1)
  5 endoplasms
  3 giant cockroaches
  6 goblins
  2 hobgoblins (D:2)
  4 quokkas
  3 ball pythons
  3 bats (D:1)
  3 frilled lizards
  A kobold (D:1)
  4 rats
40 creatures vanquished.

Vanquished Creatures (others)
  3 withered plants (D:3)
3 creatures vanquished.

Grand Total: 43 creatures vanquished

Notes
Turn   | Place    | Note
-------+----------+-------------------------------------------
     0 | D:1      | qw the Gargoyle Fighter began the quest for the Orb.
     0 | D:1      | Reached XP level 1. HP: 14/14 MP: 1/1
     0 | D:1      | 0 ||| qw: Version: 0.2-a-17-g06abaee
     0 | D:1      | 0 ||| qw: Game counter: 2207
     0 | D:1      | 0 ||| qw: Always use a shield: true
     0 | D:1      | 0 ||| qw: God list: Okawaru
     0 | D:1      | 0 ||| qw: Allow faded altars: false
     0 | D:1      | 0 ||| qw: Do Orc after D:15 true
     0 | D:1      | 0 ||| qw: Do second Lair branch before Depths: true
     0 | D:1      | 0 ||| qw: Lair rune preference: random
     0 | D:1      | 0 ||| qw: Plans: Normal, Zot:1-4, God:TSO, Crypt, Tomb,
                  | Pan, Slime:5, Hells, Abyss, Orb
     0 | D:1      | 0 ||| PLANNING D:1-11
   109 | D:1      | HP: 1/14 [frozen (5)]
   111 | D:1      | Reached XP level 2. HP: 2/19 MP: 2/2
   428 | D:1      | 428 ||| Stepping ~*~*~tactically~*~*~ (stealth).
   431 | D:1      | 431 ||| Stepping ~*~*~tactically~*~*~ (stealth).
   436 | D:1      | 436 ||| Stepping ~*~*~tactically~*~*~ (stealth).
   439 | D:1      | 439 ||| Stepping ~*~*~tactically~*~*~ (stealth).
  1065 | D:1      | 1065 ||| UPGRADING to ring of willpower.
  1066 | D:1      | 1066 ||| UPGRADING to +6 ring of dexterity.
  1067 | D:1      | 1067 ||| READING scroll labelled DIRO LO HOFOM WATZ.
  1068 | D:1      | 1068 ||| READING scroll labelled BUCHET PUTWUUT.
  1069 | D:1      | 1069 ||| READING scroll labelled TAOSACO NACUNT.
  1159 | D:2      | Reached skill level 3 in Axes
  1208 | D:2      | Reached XP level 3. HP: 23/23 MP: 3/3
  1384 | D:2      | 1384 ||| DROPPING +0 club.
  1511 | D:2      | Reached skill level 1 in Dodging
  1569 | D:2      | Noticed Natasha
  1570 | D:2      | 1570 ||| Stepping ~*~*~tactically~*~*~ (hiding).
  1577 | D:2      | Killed Natasha
  1578 | D:2      | Reached XP level 4. HP: 28/28 MP: 4/4
  1888 | D:2      | 1888 ||| DROPPING +0 whip.
  1985 | D:2      | Found a runed translucent door.
  1986 | D:2      | Noticed Crazy Yiuf
  2044 | D:2      | 2044 ||| UPGRADING to amulet of reflection.
  2049 | D:2      | 2049 ||| READING 2 scrolls labelled LAHEPT TAOCU.
  2050 | D:2      | 2050 ||| READING 3 scrolls labelled MEMPUNN ARAH.
  2066 | D:2      | 2066 ||| READING 2 scrolls of identify.
  2066 | D:2      | 2066 ||| IDENTIFYING cyan potion
  2067 | D:2      | 2067 ||| DROPPING potion of flight.
  2068 | D:2      | 2068 ||| DROPPING scroll of vulnerability.
  2232 | D:3      | Found an opulent altar of Gozag.
  2493 | D:3      | Noticed an ogre
  2502 | D:3      | Mangled by an ogre

Levels and vault maps discovered:
D:1:      psy_arrival_whirlpool, layout_loops_corners
D:2:      layout_loops_ring, uniq_natasha, uniq_crazy_yiuf_cottage
D:3:      layout_basic, nicolae_gozag_seed_capital,
          ebering_ecumenical_altar_petrified, lightli_corner_chamber

Skill      XL: |  1  2  3 |
---------------+----------+-----
Axes           | 2 3 |  3.9
Dodging        | 1 |  1.2
Fighting       | |  3.2
Armour         | |  3.2
Shields        | |  3.2

Action                   |  1- 3 |  4- 6 || total
-------------------------+-------+-------++-------
Melee: War axe           |    91 |    27 ||   118
  Use: Scroll            |     3 |     3 ||     6
Armor: Scale mail        |    40 |     6 ||    46
Dodge: Dodged            |    39 |     3 ||    42
Block: Buckler           |    10 |    15 ||    25

Table legend:
 A = Non-vault XP
 B = Vault XP
 C = Vault XP percentage of total XP
 D = Non-vault monster count
 E = Vault monster count
 F = Vault count percentage of total count
                 A         B        C        D         E       F
            +---------+---------+-------+---------+---------+-------
      Total |      98 |      33 |  25.2 |      39 |       1 |   2.5
            +---------+---------+-------+---------+---------+-------
        D:1 |      27 |       0 |   0.0 |      16 |       0 |   0.0
        D:2 |      48 |      33 |  40.7 |      16 |       1 |   5.9
        D:3 |      23 |       0 |   0.0 |       7 |       0 |   0.0
            +---------+---------+-------+---------+---------+-------
